Sharks vs Kings
(R1)
Created - February 2, 2021 at 19:38
Goals
|
| Sharks |
0 |
2 |
1 |
1 |
4 |
| Kings |
0 |
0 |
3 |
0 |
3 |
|
Shots
|
| Sharks |
9 |
7 |
7 |
3 |
26 |
| Kings |
11 |
9 |
10 |
3 |
33 |
|
1st period
No Goal
Penalties :
Steve Bernier (LAK) for Hooking (Minor) at 0:49, Tyler Cuma (SJS) for Interference (Minor) at 9:27, David Pastrnak (LAK) for Diving (Minor) at 13:37, T.J. Hensick (SJS) for Interference (Minor) at 17:08
2nd period
1. Sharks , Milan Michalek 10 (Tyler Cuma 12, Karl Alzner 9) at 2:30
2. Sharks , Jason Spezza 18 (Nick Palmieri 21, PK Subban 17) at 6:52
Penalties :
Oskar Osala (SJS) for Roughing (Minor) at 0:43, Victor Hedman (LAK) for Roughing (Minor) at 0:50, Boone Jenner (SJS) for Hooking (Minor) at 10:15
3rd period
3. Sharks , Oskar Osala 14 (Brandon Dubinsky 10, Drew Doughty 30) at 1:52 (PP)
4. Kings , Sergey Kalinin 1 (Gabriel Landeskog 26, Travis Hamonic 11) at 7:50
5. Kings , Anze Kopitar 26 (Joni Pitkanen 17, Travis Hamonic 12) at 13:04 (PP)
6. Kings , Nathan MacKinnon 15 (Dougie Hamilton 10, Jimmy Vesey 3) at 19:19 (PP)
Penalties :
Blake Wheeler (LAK) for Tripping (Minor) at 1:15, Travis Hamonic (LAK) for Tripping (Minor) at 10:26, Brandon Dubinsky (SJS) for Roughing (Minor) at 11:52, Oskar Osala (SJS) for Interference (Minor) at 14:55, Jason Spezza (SJS) for Hooking (Minor) at 18:57
Overtime #1
7. Sharks , Brandon Dubinsky 12 (Drew Doughty 31, PK Subban 18) at 4:59
Penalties :
No Penalty
Goalie Stats
Ryan Miller (SJS), 30 saves from 33 shots - (0.909), W, 19-9-9, 64:59 minutes
Tuukka Rask (LAK), 22 saves from 26 shots - (0.846), OTL, 14-9-4, 64:39 minutes
Players Stats for Sharks
Player Name G A P +/- PIM S H SB GA TA FO MP PP MP PK MP
------------------------------------------------------------------------------------
Andrej Sekera 0 0 0 0 0 0 0 0 0 0 0/0 11:20 0:00 0:49
Bobby Butler 0 0 0 1 0 0 2 0 0 0 0/0 10:15 0:00 0:00
Boone Jenner 0 0 0 0 2 0 0 0 0 0 3/10 13:20 0:00 0:00
Brandon Dubinsky 1 1 2 1 2 3 1 1 1 1 3/3 20:33 2:52 2:12
Brayden McNabb 0 0 0 0 0 0 1 0 0 0 0/0 11:59 0:00 1:28
Drew Doughty 0 2 2 1 0 4 0 2 1 1 0/0 30:29 3:40 5:17
Jason Spezza 1 0 1 0 2 2 1 2 0 1 20/41 25:49 3:15 4:54
Jiri Tlusty 0 0 0 0 0 1 0 0 0 0 0/0 6:38 0:00 0:00
Karl Alzner 0 1 1 1 0 2 2 2 0 0 0/0 22:47 2:28 2:58
Luke Adam 0 0 0 0 0 1 0 0 0 0 3/7 9:23 0:00 0:00
Mike Cammalleri 0 0 0 1 0 1 0 1 0 1 3/6 21:33 3:08 3:25
Milan Michalek 1 0 1 1 0 2 1 0 0 0 0/0 10:41 0:00 0:13
Nick Palmieri 0 1 1 0 0 4 2 0 2 0 0/1 26:09 3:15 5:17
Oskar Osala 1 0 1 0 4 2 1 0 0 0 0/0 16:25 3:00 0:00
PK Subban 0 2 2 1 0 1 2 2 0 2 0/0 30:30 3:40 5:17
T.J. Hensick 0 0 0 0 2 0 0 0 0 0 1/4 9:47 2:53 0:25
Tyler Cuma 0 1 1 1 2 3 1 2 0 0 0/0 22:19 2:28 2:19
Zach Boychuk 0 0 0 0 0 0 0 0 0 0 1/3 8:23 0:00 1:42
Players Stats for Kings
Player Name G A P +/- PIM S H SB GA TA FO MP PP MP PK MP
------------------------------------------------------------------------------------
Anze Kopitar 1 0 1 -1 0 6 2 1 1 0 12/21 21:47 4:10 1:02
Blake Wheeler 0 0 0 -1 2 0 5 0 0 1 2/2 19:45 4:00 1:45
Chris Higgins 0 0 0 -1 0 2 4 0 0 0 0/1 13:40 0:00 0:00
Colton Parayko 0 0 0 -2 0 2 3 1 0 0 0/0 28:31 3:28 4:00
David Pastrnak 0 0 0 0 2 4 2 1 0 0 0/0 16:29 3:29 0:00
Dougie Hamilton 0 1 1 -2 0 1 0 0 0 0 0/0 21:35 3:37 0:51
Eric Nystrom 0 0 0 0 0 0 0 0 0 0 0/1 13:46 0:50 1:45
Gabriel Landeskog 0 1 1 0 0 4 0 0 2 0 1/2 21:57 3:31 0:42
Jimmy Vesey 0 1 1 0 0 4 2 1 1 0 1/1 16:15 4:49 0:00
Joni Pitkanen 0 1 1 -1 0 0 0 1 0 1 0/0 13:02 1:32 2:08
Logan Couture 0 0 0 -1 0 1 2 0 0 0 11/19 16:45 0:45 3:28
Nathan MacKinnon 1 0 1 -2 0 6 0 0 1 0 11/24 23:00 4:39 0:07
Olli Maatta 0 0 0 0 0 0 0 1 0 0 0/0 12:28 1:06 2:08
Sergey Kalinin 1 0 1 1 0 1 2 1 0 0 3/4 9:50 0:16 3:27
Steve Bernier 0 0 0 1 2 0 1 0 0 0 0/0 6:01 0:04 0:00
Travis Hamonic 0 2 2 0 2 1 1 0 0 2 0/0 29:40 4:10 3:09
Victor Hedman 0 0 0 1 2 1 1 0 1 0 0/0 23:57 4:53 0:00
Vitaly Vishnevsky 0 0 0 0 0 0 1 0 0 0 0/0 2:50 0:00 0:00
3 Stars
1 - PK Subban (SJS)
2 - Brandon Dubinsky (SJS)
3 - Milan Michalek (SJS)
Power Play
Sharks - 1 on 5 Attempt(s) - 20.00%
Kings - 2 on 7 Attempt(s) - 28.57%
Penalty Kill
Sharks - 5 on 7 Attempt(s) - 71.43%
- Score 0 goal in Penalty Kill
Kings - 4 on 5 Attempt(s) - 80.00%
- Score 0 goal in Penalty Kill
Team Stat
Sharks - Hits : 14 - Faceoff Wins : 34 - Blocked Shots : 12 - Penalty Minutes : 14
Kings - Hits : 26 - Faceoff Wins : 41 - Blocked Shots : 7 - Penalty Minutes : 10
Official
Referees : Unknown
Linesman : Unknown
Game Notes
No Game Note
Finance
Level 1 -- Attendance: 6000 (100.00%) -- Ticket Income $600,000
Level 2 -- Attendance: 4665 (93.30%) -- Ticket Income $279,900
Level 3 -- Attendance: 2000 (100.00%) -- Ticket Income $60,000
Level 4 -- Attendance: 3629 (90.73%) -- Ticket Income $72,580
Luxury Box -- Attendance: 998 (99.80%) -- Ticket Income $174,650
Game was played at the Staples Center.
Total Attendance: 17292 (96.07%)
Total Ticket Income: $1,187,130
Other Income: $178,070
Total Income: $1,365,200
Sharks
5 vs 5 Forward
Center Left Wing Right Wing Time % Phy DF OF
1 Jason Spezza Mike Cammalleri Nick Palmieri 40 1 2 2
2 Boone Jenner Brandon Dubinsky Oskar Osala 30 1 2 2
3 Luke Adam Milan Michalek Bobby Butler 20 1 2 2
4 T.J. Hensick Zach Boychuk Jiri Tlusty 10 1 2 2
5 vs 5 Defense
Defense Defense Time % Phy DF OF
1 Drew Doughty PK Subban 40 1 2 2
2 Tyler Cuma Karl Alzner 30 1 2 2
3 Andrej Sekera Brayden McNabb 20 1 2 2
4 Drew Doughty PK Subban 10 1 2 2
PowerPlay Forward
Center Left Wing Right Wing Time % Phy DF OF
1 Jason Spezza Mike Cammalleri Nick Palmieri 60 1 2 2
2 T.J. Hensick Brandon Dubinsky Oskar Osala 40 1 2 2
PowerPlay Defense
Defense Defense Time % Phy DF OF
1 Drew Doughty PK Subban 60 1 2 2
2 Tyler Cuma Karl Alzner 40 1 2 2
Penalty Kill 4 Players Forward
Center Wing Time % Phy DF OF
1 Jason Spezza Nick Palmieri 60 1 4 0
2 Mike Cammalleri Brandon Dubinsky 40 1 4 0
Penalty Kill 4 Players Defense
Defense Defense Time % Phy DF OF
1 Drew Doughty PK Subban 60 1 4 0
2 Tyler Cuma Karl Alzner 40 1 4 0
Penalty Kill - 3 Players Forward
Forward Time % Phy DF OF
1 Jason Spezza 60 1 4 0
2 Nick Palmieri 40 1 4 0
Penalty Kill - 3 Players Defense
Defense Defense Time % Phy DF OF
1 Drew Doughty PK Subban 60 1 4 0
2 Tyler Cuma Karl Alzner 40 1 4 0
4 vs 4 Forward
Center Wing Time % Phy DF OF
1 Jason Spezza Nick Palmieri 60 1 2 2
2 Mike Cammalleri Brandon Dubinsky 40 1 2 2
4 vs 4 Defense
Defense Defense Time % Phy DF OF
1 Drew Doughty PK Subban 60 1 2 2
2 Tyler Cuma Karl Alzner 40 1 2 2
Last Minutes Offensive
Center Left Wing Right Wing Defense Defense
Jason Spezza Mike Cammalleri Nick Palmieri Drew Doughty PK Subban
Last Minutes Defensive
Center Left Wing Right Wing Defense Defense
Jason Spezza Mike Cammalleri Nick Palmieri Drew Doughty PK Subban
Goaltenders
Starting : Ryan Miller
Backup : Antti Niemi
Extra Forwards
Normal : Milan Michalek, Bobby Butler, Zach Boychuk - PP : Milan Michalek, Bobby Butler - PK : Zach Boychuk
Extra Defensemen
Normal : Andrej Sekera, Brayden McNabb, Tyler Cuma - PP : Andrej Sekera - PK : Brayden McNabb, Tyler Cuma
Penalty Shots
Jason Spezza, Nick Palmieri, Mike Cammalleri, Brandon Dubinsky, Milan Michalek
Scratches
David Rundblad (Healthy)
Kings
5 vs 5 Forward
Center Left Wing Right Wing Time % Phy DF OF
1 Anze Kopitar Gabriel Landeskog David Pastrnak 35 1 2 2
2 Nathan MacKinnon Chris Higgins Blake Wheeler 35 1 2 2
3 Logan Couture Eric Nystrom Jimmy Vesey 25 1 2 2
4 Sergey Kalinin Gabriel Landeskog Steve Bernier 5 1 2 2
5 vs 5 Defense
Defense Defense Time % Phy DF OF
1 Travis Hamonic Victor Hedman 40 2 2 1
2 Colton Parayko Dougie Hamilton 35 2 2 1
3 Joni Pitkanen Olli Maatta 20 2 2 1
4 Olli Maatta Vitaly Vishnevsky 5 2 2 1
PowerPlay Forward
Center Left Wing Right Wing Time % Phy DF OF
1 Anze Kopitar Gabriel Landeskog David Pastrnak 50 0 1 4
2 Nathan MacKinnon Jimmy Vesey Blake Wheeler 50 0 1 4
PowerPlay Defense
Defense Defense Time % Phy DF OF
1 Victor Hedman Dougie Hamilton 60 0 2 3
2 Colton Parayko Travis Hamonic 40 0 2 3
Penalty Kill 4 Players Forward
Center Wing Time % Phy DF OF
1 Logan Couture Sergey Kalinin 60 2 3 0
2 Blake Wheeler Eric Nystrom 40 2 3 0
Penalty Kill 4 Players Defense
Defense Defense Time % Phy DF OF
1 Colton Parayko Travis Hamonic 60 2 3 0
2 Olli Maatta Joni Pitkanen 40 2 3 0
Penalty Kill - 3 Players Forward
Forward Time % Phy DF OF
1 Gabriel Landeskog 60 2 3 0
2 Anze Kopitar 40 2 3 0
Penalty Kill - 3 Players Defense
Defense Defense Time % Phy DF OF
1 Travis Hamonic Colton Parayko 60 2 3 0
2 Joni Pitkanen Olli Maatta 40 2 3 0
4 vs 4 Forward
Center Wing Time % Phy DF OF
1 Nathan MacKinnon Anze Kopitar 60 1 2 2
2 Gabriel Landeskog David Pastrnak 40 1 2 2
4 vs 4 Defense
Defense Defense Time % Phy DF OF
1 Travis Hamonic Colton Parayko 60 1 2 2
2 Victor Hedman Dougie Hamilton 40 1 2 2
Last Minutes Offensive
Center Left Wing Right Wing Defense Defense
Anze Kopitar Gabriel Landeskog David Pastrnak Dougie Hamilton Victor Hedman
Last Minutes Defensive
Center Left Wing Right Wing Defense Defense
Anze Kopitar Gabriel Landeskog Blake Wheeler Colton Parayko Travis Hamonic
Goaltenders
Starting : Tuukka Rask
Backup : Tyler Weiman
Extra Forwards
Normal : Anze Kopitar, Logan Couture, Nathan MacKinnon - PP : Logan Couture, Blake Wheeler - PK : Anze Kopitar
Extra Defensemen
Normal : Colton Parayko, Victor Hedman, Joni Pitkanen - PP : Joni Pitkanen - PK : Dougie Hamilton, Victor Hedman
Penalty Shots
Anze Kopitar, Chris Higgins, David Pastrnak, Logan Couture, Gabriel Landeskog
Scratches
Chris Kreider (Healthy)
% Time on Ice - Sharks
Lines # - Real PCT - Wanted PCT - Time Play
Normal Forward
1 - 32% - 40% - 13:21
2 - 31% - 30% - 13:03
3 - 22% - 20% - 9:14
4 - 16% - 10% - 6:38
Normal Defense
1 - 41% - 40% - 17:19
2 - 34% - 30% - 14:20
3 - 25% - 20% - 10:25
4 - 0% - 10% - 0:12
PP Forward
1 - 53% - 60% - 3:15
2 - 47% - 40% - 2:53
PP Defense
1 - 60% - 60% - 3:40
2 - 40% - 40% - 2:28
PK Forward
1 - 71% - 60% - 6:26
2 - 29% - 40% - 2:38
PK Defense
1 - 67% - 60% - 6:06
2 - 33% - 40% - 2:58
PK3 Forward
1 - 0% - 60%
2 - 0% - 40%
PK3 Defense
1 - 0% - 60%
2 - 0% - 40%
44 Forward
1 - 71% - 60% - 5:17
2 - 29% - 40% - 2:07
44 Defense
1 - 59% - 60% - 4:23
2 - 41% - 40% - 3:01
Last Minute Offensive - 0:00
Last Minute Defensive - 0:07
Total
Forward - 64:59
Defense - 64:59
|
% Time on Ice - Kings
Lines # - Real PCT - Wanted PCT - Time Play
Normal Forward
1 - 31% - 35% - 13:11
2 - 33% - 35% - 14:04
3 - 25% - 25% - 10:33
4 - 11% - 5% - 4:32
Normal Defense
1 - 40% - 40% - 17:04
2 - 35% - 35% - 14:49
3 - 19% - 20% - 8:12
4 - 5% - 5% - 2:15
PP Forward
1 - 56% - 50% - 5:04
2 - 44% - 50% - 4:00
PP Defense
1 - 61% - 60% - 5:33
2 - 39% - 40% - 3:31
PK Forward
1 - 71% - 60% - 4:23
2 - 29% - 40% - 1:45
PK Defense
1 - 65% - 60% - 4:00
2 - 35% - 40% - 2:08
PK3 Forward
1 - 0% - 60%
2 - 0% - 40%
PK3 Defense
1 - 0% - 60%
2 - 0% - 40%
44 Forward
1 - 81% - 60% - 6:01
2 - 19% - 40% - 1:23
44 Defense
1 - 67% - 60% - 4:57
2 - 33% - 40% - 2:27
Last Minute Offensive - 0:03
Last Minute Defensive - 0:00
Total
Forward - 64:59
Defense - 64:59
|
Play-by-Play
1st period
0:01 of 1st period - Anze Kopitar wins face-off versus Jason Spezza in neutral zone.
0:27 of 1st period - Drew Doughty is hit by Blake Wheeler and loses puck.
0:34 of 1st period - Wrist shot by Brandon Dubinsky.
0:34 of 1st period - Stopped by Tuukka Rask without a rebound.
0:35 of 1st period - Luke Adam wins face-off versus Logan Couture in Kings zone.
0:46 of 1st period - Snap shot by Luke Adam.
0:46 of 1st period - Stopped by Tuukka Rask without a rebound.
0:47 of 1st period - Sergey Kalinin wins face-off versus T.J. Hensick in Kings zone.
0:49 of 1st period - Minor Penalty to Steve Bernier for Hooking.
0:50 of 1st period - Logan Couture wins face-off versus Jason Spezza in Kings zone.
2:49 of 1st period - Penalty to Steve Bernier is over, Steve Bernier is back on ice.
3:06 of 1st period - Slapshot by Milan Michalek.
3:06 of 1st period - Stopped by Tuukka Rask without a rebound.
3:07 of 1st period - Anze Kopitar wins face-off versus Luke Adam in Kings zone.
3:49 of 1st period - Slapshot by David Pastrnak.
3:49 of 1st period - Shot Misses the Net.
4:05 of 1st period - Drew Doughty is hit by Colton Parayko and loses puck.
4:20 of 1st period - Drew Doughty is hit by Colton Parayko and loses puck.
4:33 of 1st period - Backhand shot by Gabriel Landeskog.
4:33 of 1st period - Stopped by Ryan Miller without a rebound.
4:34 of 1st period - Nathan MacKinnon wins face-off versus Jason Spezza in Sharks zone.
4:35 of 1st period - Snap shot by Chris Higgins.
4:35 of 1st period - Stopped by Ryan Miller without a rebound.
4:36 of 1st period - Jason Spezza wins face-off versus Chris Higgins in Sharks zone.
5:14 of 1st period - Snap shot by Jiri Tlusty.
5:14 of 1st period - Stopped by Tuukka Rask with a rebound.
5:32 of 1st period - Chris Higgins is hit by Brayden McNabb and loses puck.
5:45 of 1st period - Icing by Sergey Kalinin.
5:46 of 1st period - Sergey Kalinin wins face-off versus Jason Spezza in Kings zone.
6:09 of 1st period - Slapshot by Drew Doughty.
6:09 of 1st period - Shot Blocked by Joni Pitkanen.
6:11 of 1st period - Snap shot by Mike Cammalleri.
6:11 of 1st period - Stopped by Tuukka Rask without a rebound.
6:12 of 1st period - Logan Couture wins face-off versus Boone Jenner in Kings zone.
6:19 of 1st period - Snap shot by Logan Couture.
6:19 of 1st period - Stopped by Ryan Miller without a rebound.
6:20 of 1st period - Brandon Dubinsky wins face-off versus Logan Couture in Sharks zone.
6:31 of 1st period - Slapshot by Drew Doughty.
6:31 of 1st period - Stopped by Tuukka Rask without a rebound.
6:32 of 1st period - Blake Wheeler wins face-off versus Jason Spezza in Kings zone.
6:57 of 1st period - Brandon Dubinsky is hit by Jimmy Vesey and loses puck.
7:15 of 1st period - Off-side.
7:16 of 1st period - Anze Kopitar wins face-off versus T.J. Hensick in neutral zone.
7:48 of 1st period - Wrist shot by Nathan MacKinnon.
7:48 of 1st period - Stopped by Ryan Miller without a rebound.
7:49 of 1st period - Nathan MacKinnon wins face-off versus Jason Spezza in Sharks zone.
8:27 of 1st period - Wrist shot by Jimmy Vesey.
8:27 of 1st period - Stopped by Ryan Miller without a rebound.
8:28 of 1st period - Anze Kopitar wins face-off versus Boone Jenner in Sharks zone.
9:07 of 1st period - Off-side.
9:08 of 1st period - Brandon Dubinsky wins face-off versus Logan Couture in neutral zone.
9:11 of 1st period - Slapshot by Tyler Cuma.
9:11 of 1st period - Stopped by Tuukka Rask without a rebound.
9:12 of 1st period - Logan Couture wins face-off versus Boone Jenner in Kings zone.
9:12 of 1st period - Logan Couture is hit by Brandon Dubinsky.
9:27 of 1st period - Minor Penalty to Tyler Cuma for Interference.
9:28 of 1st period - Anze Kopitar wins face-off versus Jason Spezza in Sharks zone.
9:37 of 1st period - Slapshot by Anze Kopitar.
9:37 of 1st period - Shot Misses the Net.
9:39 of 1st period - Wrist shot by Gabriel Landeskog.
9:39 of 1st period - Stopped by Ryan Miller with a rebound.
9:41 of 1st period - Snap shot by Dougie Hamilton.
9:41 of 1st period - Deflect By Anze Kopitar.
9:41 of 1st period - Shot Blocked by PK Subban.
9:41 of 1st period - Puck is out of play.
9:42 of 1st period - Jason Spezza wins face-off versus Nathan MacKinnon in Sharks zone.
10:15 of 1st period - Slapshot by Victor Hedman.
10:15 of 1st period - Deflect By David Pastrnak.
10:15 of 1st period - Stopped by Ryan Miller with a rebound.
10:17 of 1st period - Slapshot by Travis Hamonic.
10:17 of 1st period - Deflect By Anze Kopitar.
10:17 of 1st period - Shot Blocked by Brandon Dubinsky.
10:17 of 1st period - Puck is out of play.
10:18 of 1st period - Anze Kopitar wins face-off versus Mike Cammalleri in Sharks zone.
11:27 of 1st period - Penalty to Tyler Cuma is over, Tyler Cuma is back on ice.
12:17 of 1st period - Icing by Andrej Sekera.
12:18 of 1st period - T.J. Hensick wins face-off versus Anze Kopitar in Sharks zone.
12:25 of 1st period - Snap shot by Zach Boychuk.
12:25 of 1st period - Shot Blocked by Colton Parayko.
12:50 of 1st period - Slapshot by Jimmy Vesey.
12:50 of 1st period - Stopped by Ryan Miller without a rebound.
12:51 of 1st period - Jason Spezza wins face-off versus Nathan MacKinnon in Sharks zone.
12:51 of 1st period - Jason Spezza is hit by Blake Wheeler.
13:01 of 1st period - Nick Palmieri is hit by Blake Wheeler and loses puck.
13:16 of 1st period - Boone Jenner is hit by David Pastrnak and loses puck.
13:21 of 1st period - Snap shot by Anze Kopitar.
13:21 of 1st period - Stopped by Ryan Miller without a rebound.
13:22 of 1st period - Jason Spezza wins face-off versus Anze Kopitar in Sharks zone.
13:22 of 1st period - Jason Spezza is hit by Anze Kopitar.
13:37 of 1st period - Minor Penalty to David Pastrnak for Diving.
13:38 of 1st period - Logan Couture wins face-off versus Jason Spezza in Kings zone.
14:23 of 1st period - Icing by Karl Alzner.
14:24 of 1st period - Logan Couture wins face-off versus T.J. Hensick in Sharks zone.
15:37 of 1st period - Penalty to David Pastrnak is over, David Pastrnak is back on ice.
15:44 of 1st period - Tyler Cuma is hit by Blake Wheeler and loses puck.
17:02 of 1st period - Slapshot by Eric Nystrom.
17:02 of 1st period - Shot Misses the Net.
17:08 of 1st period - Minor Penalty to T.J. Hensick for Interference.
17:09 of 1st period - Nathan MacKinnon wins face-off versus Nick Palmieri in Sharks zone.
17:46 of 1st period - Snap shot by Anze Kopitar.
17:46 of 1st period - Stopped by Ryan Miller without a rebound.
17:47 of 1st period - Mike Cammalleri wins face-off versus Nathan MacKinnon in Sharks zone.
17:56 of 1st period - Wrist shot by Tyler Cuma.
17:56 of 1st period - Stopped by Tuukka Rask without a rebound.
17:57 of 1st period - Nathan MacKinnon wins face-off versus Jason Spezza in Kings zone.
18:26 of 1st period - Slapshot by Brandon Dubinsky.
18:26 of 1st period - Stopped by Tuukka Rask with a rebound.
18:36 of 1st period - Slapshot by Drew Doughty.
18:36 of 1st period - Shot Blocked by Jimmy Vesey.
19:08 of 1st period - Penalty to T.J. Hensick is over, T.J. Hensick is back on ice.
19:41 of 1st period - Wrist shot by Anze Kopitar.
19:41 of 1st period - Stopped by Ryan Miller with a rebound.
19:57 of 1st period - Boone Jenner is hit by Sergey Kalinin and loses puck.
Goals for this period are 0 for Sharks vs 0 for Kings.
Shots for this period are 9 for Sharks vs 11 for Kings.
2nd period
0:01 of 2nd period - Anze Kopitar wins face-off versus Jason Spezza in neutral zone.
0:06 of 2nd period - Snap shot by David Pastrnak.
0:06 of 2nd period - Stopped by Ryan Miller with a rebound.
0:08 of 2nd period - Wrist shot by Anze Kopitar.
0:08 of 2nd period - Shot Blocked by PK Subban.
0:10 of 2nd period - Wrist shot by Gabriel Landeskog.
0:10 of 2nd period - Stopped by Ryan Miller with a rebound.
0:16 of 2nd period - Wrist shot by Anze Kopitar.
0:16 of 2nd period - Stopped by Ryan Miller with a rebound.
0:26 of 2nd period - Chris Higgins is hit by Oskar Osala and loses puck.
0:43 of 2nd period - Minor Penalty to Oskar Osala for Roughing.
0:44 of 2nd period - Anze Kopitar wins face-off versus Jason Spezza in Sharks zone.
0:50 of 2nd period - Minor Penalty to Victor Hedman for Roughing.
0:51 of 2nd period - Jason Spezza wins face-off versus Nathan MacKinnon in Kings zone.
0:51 of 2nd period - Snap shot by Nick Palmieri.
0:51 of 2nd period - Stopped by Tuukka Rask without a rebound.
0:52 of 2nd period - Jason Spezza wins face-off versus Anze Kopitar in Kings zone.
1:06 of 2nd period - Icing by Anze Kopitar.
1:07 of 2nd period - Nathan MacKinnon wins face-off versus Jason Spezza in Kings zone.
1:54 of 2nd period - Snap shot by Gabriel Landeskog.
1:54 of 2nd period - Shot Misses the Net.
1:56 of 2nd period - Slapshot by Colton Parayko.
1:56 of 2nd period - Shot Misses the Net.
1:58 of 2nd period - Snap shot by David Pastrnak.
1:58 of 2nd period - Shot Misses the Net.
2:00 of 2nd period - Slapshot by Travis Hamonic.
2:00 of 2nd period - Stopped by Ryan Miller with a rebound.
2:02 of 2nd period - Slapshot by Travis Hamonic.
2:02 of 2nd period - Shot Misses the Net.
2:30 of 2nd period - Snap shot by Milan Michalek.
2:30 of 2nd period - Goal by Milan Michalek - Sharks : 1 - Kings : 0.
2:31 of 2nd period - Nathan MacKinnon wins face-off versus Jason Spezza in neutral zone.
2:43 of 2nd period - Penalty to Oskar Osala is over, Oskar Osala is back on ice.
2:50 of 2nd period - Penalty to Victor Hedman is over, Victor Hedman is back on ice.
3:08 of 2nd period - Wrist shot by Anze Kopitar.
3:08 of 2nd period - Shot Misses the Net.
3:10 of 2nd period - Wrist shot by Victor Hedman.
3:10 of 2nd period - Stopped by Ryan Miller without a rebound.
3:11 of 2nd period - Luke Adam wins face-off versus Logan Couture in Sharks zone.
4:16 of 2nd period - Victor Hedman is hit by Karl Alzner and loses puck.
4:23 of 2nd period - Slapshot by Nick Palmieri.
4:23 of 2nd period - Stopped by Tuukka Rask without a rebound.
4:24 of 2nd period - Jason Spezza wins face-off versus Logan Couture in Kings zone.
4:41 of 2nd period - Drew Doughty is hit by Logan Couture and loses puck.
4:56 of 2nd period - Slapshot by Drew Doughty.
4:56 of 2nd period - Stopped by Tuukka Rask with a rebound.
5:14 of 2nd period - Slapshot by Nathan MacKinnon.
5:14 of 2nd period - Deflect By Blake Wheeler.
5:14 of 2nd period - Shot Misses the Net.
5:14 of 2nd period - Puck is out of play.
5:15 of 2nd period - Nathan MacKinnon wins face-off versus Boone Jenner in Sharks zone.
5:24 of 2nd period - Slapshot by Nathan MacKinnon.
5:24 of 2nd period - Stopped by Ryan Miller with a rebound.
5:37 of 2nd period - Icing by Travis Hamonic.
5:38 of 2nd period - Anze Kopitar wins face-off versus Luke Adam in Kings zone.
6:04 of 2nd period - Blake Wheeler is hit by Karl Alzner and loses puck.
6:13 of 2nd period - Snap shot by Nick Palmieri.
6:13 of 2nd period - Stopped by Tuukka Rask without a rebound.
6:14 of 2nd period - Jimmy Vesey wins face-off versus Boone Jenner in Kings zone.
6:46 of 2nd period - Slapshot by Drew Doughty.
6:46 of 2nd period - Stopped by Tuukka Rask with a rebound.
6:52 of 2nd period - Snap shot by Jason Spezza.
6:52 of 2nd period - Goal by Jason Spezza - Sharks : 2 - Kings : 0.
6:53 of 2nd period - Anze Kopitar wins face-off versus Jason Spezza in neutral zone.
7:00 of 2nd period - Snap shot by David Pastrnak.
7:00 of 2nd period - Stopped by Ryan Miller with a rebound.
7:08 of 2nd period - Anze Kopitar is hit by PK Subban and loses puck.
7:19 of 2nd period - Drew Doughty is hit by Blake Wheeler and loses puck.
7:24 of 2nd period - Wrist shot by Nathan MacKinnon.
7:24 of 2nd period - Stopped by Ryan Miller without a rebound.
7:25 of 2nd period - Nathan MacKinnon wins face-off versus Boone Jenner in Sharks zone.
9:48 of 2nd period - Snap shot by Colton Parayko.
9:48 of 2nd period - Shot Misses the Net.
9:50 of 2nd period - Slapshot by Dougie Hamilton.
9:50 of 2nd period - Shot Misses the Net.
9:52 of 2nd period - Snap shot by Blake Wheeler.
9:52 of 2nd period - Shot Misses the Net.
9:58 of 2nd period - Slapshot by Nathan MacKinnon.
9:58 of 2nd period - Shot Misses the Net.
10:00 of 2nd period - Snap shot by Chris Higgins.
10:00 of 2nd period - Stopped by Ryan Miller with a rebound.
10:02 of 2nd period - Snap shot by Chris Higgins.
10:02 of 2nd period - Shot Blocked by Tyler Cuma.
10:04 of 2nd period - Wrist shot by Blake Wheeler.
10:04 of 2nd period - Shot Misses the Net.
10:15 of 2nd period - Minor Penalty to Boone Jenner for Hooking.
10:16 of 2nd period - Jason Spezza wins face-off versus Anze Kopitar in Sharks zone.
11:14 of 2nd period - Andrej Sekera is hit by Travis Hamonic.
12:15 of 2nd period - Penalty to Boone Jenner is over, Boone Jenner is back on ice.
12:40 of 2nd period - Gabriel Landeskog is hit by Bobby Butler.
13:47 of 2nd period - Jason Spezza is hit by Vitaly Vishnevsky and loses puck.
16:54 of 2nd period - PK Subban is hit by Sergey Kalinin and loses puck.
18:02 of 2nd period - Boone Jenner is hit by Anze Kopitar and loses puck.
18:54 of 2nd period - Drew Doughty is hit by Chris Higgins and loses puck.
Goals for this period are 2 for Sharks vs 0 for Kings.
Shots for this period are 7 for Sharks vs 9 for Kings.
3rd period
0:01 of 3rd period - Anze Kopitar wins face-off versus Jason Spezza in neutral zone.
0:06 of 3rd period - Nick Palmieri is hit by David Pastrnak.
0:25 of 3rd period - Oskar Osala is hit by Jimmy Vesey and loses puck.
0:32 of 3rd period - Slapshot by Karl Alzner.
0:32 of 3rd period - Stopped by Tuukka Rask without a rebound.
0:33 of 3rd period - Logan Couture wins face-off versus Jason Spezza in Kings zone.
0:40 of 3rd period - Snap shot by Jimmy Vesey.
0:40 of 3rd period - Stopped by Ryan Miller with a rebound.
0:42 of 3rd period - Backhand shot by Colton Parayko.
0:42 of 3rd period - Stopped by Ryan Miller with a rebound.
1:06 of 3rd period - Slapshot by Karl Alzner.
1:06 of 3rd period - Shot Misses the Net.
1:08 of 3rd period - Slapshot by Karl Alzner.
1:08 of 3rd period - Stopped by Tuukka Rask with a rebound.
1:10 of 3rd period - Wrist shot by Brandon Dubinsky.
1:10 of 3rd period - Deflect By Oskar Osala.
1:10 of 3rd period - Stopped by Tuukka Rask without a rebound.
1:11 of 3rd period - Boone Jenner wins face-off versus Nathan MacKinnon in Kings zone.
1:15 of 3rd period - Minor Penalty to Blake Wheeler for Tripping.
1:16 of 3rd period - Logan Couture wins face-off versus Jason Spezza in Kings zone.
1:20 of 3rd period - Off-side.
1:21 of 3rd period - Jason Spezza wins face-off versus Logan Couture in neutral zone.
1:52 of 3rd period - Wrist shot by Oskar Osala.
1:52 of 3rd period - Goal by Oskar Osala - Sharks : 3 - Kings : 0.
1:53 of 3rd period - Mike Cammalleri wins face-off versus Anze Kopitar in neutral zone.
1:56 of 3rd period - Gabriel Landeskog is hit by Nick Palmieri and loses puck.
2:18 of 3rd period - Travis Hamonic is hit by PK Subban and loses puck.
2:29 of 3rd period - Snap shot by Chris Higgins.
2:29 of 3rd period - Deflect By Blake Wheeler.
2:29 of 3rd period - Shot Misses the Net.
2:29 of 3rd period - Puck is out of play.
2:30 of 3rd period - Jason Spezza wins face-off versus Anze Kopitar in Sharks zone.
2:35 of 3rd period - Snap shot by Nick Palmieri.
2:35 of 3rd period - Shot Blocked by David Pastrnak.
4:06 of 3rd period - T.J. Hensick is hit by Victor Hedman and loses puck.
4:29 of 3rd period - Icing by Jimmy Vesey.
4:30 of 3rd period - Jason Spezza wins face-off versus Logan Couture in Kings zone.
4:42 of 3rd period - Wrist shot by Logan Couture.
4:42 of 3rd period - Shot Misses the Net.
5:18 of 3rd period - Backhand shot by Jiri Tlusty.
5:18 of 3rd period - Shot Misses the Net.
5:24 of 3rd period - T.J. Hensick is hit by Chris Higgins and loses puck.
6:06 of 3rd period - Off-side.
6:07 of 3rd period - Luke Adam wins face-off versus Sergey Kalinin in neutral zone.
6:14 of 3rd period - Snap shot by Luke Adam.
6:14 of 3rd period - Shot Blocked by Olli Maatta.
6:16 of 3rd period - Slapshot by Karl Alzner.
6:16 of 3rd period - Shot Misses the Net.
6:18 of 3rd period - Slapshot by Luke Adam.
6:18 of 3rd period - Shot Blocked by Sergey Kalinin.
6:20 of 3rd period - Wrist shot by Luke Adam.
6:20 of 3rd period - Shot Misses the Net.
6:22 of 3rd period - Snap shot by Luke Adam.
6:22 of 3rd period - Deflect By Milan Michalek.
6:22 of 3rd period - Shot Misses the Net.
6:22 of 3rd period - Puck is out of play.
6:23 of 3rd period - Mike Cammalleri wins face-off versus Nathan MacKinnon in Kings zone.
6:24 of 3rd period - Snap shot by Jason Spezza.
6:24 of 3rd period - Stopped by Tuukka Rask without a rebound.
6:25 of 3rd period - Jason Spezza wins face-off versus Nathan MacKinnon in Kings zone.
6:30 of 3rd period - Wrist shot by Jason Spezza.
6:30 of 3rd period - Shot Misses the Net.
6:40 of 3rd period - Snap shot by Nathan MacKinnon.
6:40 of 3rd period - Shot Blocked by Drew Doughty.
6:42 of 3rd period - Slapshot by Dougie Hamilton.
6:42 of 3rd period - Shot Blocked by Mike Cammalleri.
6:52 of 3rd period - Slapshot by Drew Doughty.
6:52 of 3rd period - Shot Blocked by Anze Kopitar.
7:32 of 3rd period - T.J. Hensick is hit by Chris Higgins.
7:38 of 3rd period - T.J. Hensick is hit by Chris Higgins.
7:42 of 3rd period - Slapshot by Drew Doughty.
7:42 of 3rd period - Shot Misses the Net.
7:50 of 3rd period - Wrist shot by Sergey Kalinin.
7:50 of 3rd period - Goal by Sergey Kalinin - Sharks : 3 - Kings : 1.
7:51 of 3rd period - Jason Spezza wins face-off versus Anze Kopitar in neutral zone.
8:16 of 3rd period - Travis Hamonic is hit by Tyler Cuma and loses puck.
8:42 of 3rd period - Boone Jenner is hit by Colton Parayko and loses puck.
9:45 of 3rd period - Snap shot by Nathan MacKinnon.
9:45 of 3rd period - Stopped by Ryan Miller with a rebound.
10:26 of 3rd period - Minor Penalty to Travis Hamonic for Tripping.
10:27 of 3rd period - Logan Couture wins face-off versus Jason Spezza in Kings zone.
10:27 of 3rd period - Logan Couture is hit by Nick Palmieri.
11:02 of 3rd period - Slapshot by PK Subban.
11:02 of 3rd period - Deflect By Dougie Hamilton.
11:02 of 3rd period - Stopped by Tuukka Rask with a rebound.
11:52 of 3rd period - Minor Penalty to Brandon Dubinsky for Roughing.
11:53 of 3rd period - Jason Spezza wins face-off versus Nathan MacKinnon in Sharks zone.
12:26 of 3rd period - Penalty to Travis Hamonic is over, Travis Hamonic is back on ice.
12:42 of 3rd period - Wrist shot by Nathan MacKinnon.
12:42 of 3rd period - Shot Blocked by Karl Alzner.
12:44 of 3rd period - Wrist shot by Anze Kopitar.
12:44 of 3rd period - Shot Misses the Net.
12:46 of 3rd period - Slapshot by Colton Parayko.
12:46 of 3rd period - Shot Blocked by Karl Alzner.
12:48 of 3rd period - Slapshot by Colton Parayko.
12:48 of 3rd period - Deflect By Zach Boychuk.
12:48 of 3rd period - Stopped by Ryan Miller with a rebound.
12:50 of 3rd period - Slapshot by Nathan MacKinnon.
12:50 of 3rd period - Stopped by Ryan Miller with a rebound.
13:00 of 3rd period - Wrist shot by Anze Kopitar.
13:00 of 3rd period - Shot Blocked by Tyler Cuma.
13:02 of 3rd period - Snap shot by Travis Hamonic.
13:02 of 3rd period - Shot Misses the Net.
13:04 of 3rd period - Slapshot by Joni Pitkanen.
13:04 of 3rd period - Deflect By Anze Kopitar.
13:04 of 3rd period - Goal by Anze Kopitar - Sharks : 3 - Kings : 2.
13:05 of 3rd period - Jason Spezza wins face-off versus Eric Nystrom in neutral zone.
13:05 of 3rd period - Drew Doughty is hit by Logan Couture and loses puck.
13:32 of 3rd period - Boone Jenner is hit by Steve Bernier and loses puck.
13:38 of 3rd period - Off-side.
13:39 of 3rd period - Logan Couture wins face-off versus Boone Jenner in neutral zone.
14:14 of 3rd period - Wrist shot by Gabriel Landeskog.
14:14 of 3rd period - Deflect By Tyler Cuma.
14:14 of 3rd period - Shot Misses the Net.
14:14 of 3rd period - Puck is out of play.
14:15 of 3rd period - Boone Jenner wins face-off versus Nathan MacKinnon in Sharks zone.
14:26 of 3rd period - Slapshot by Nathan MacKinnon.
14:26 of 3rd period - Deflect By Blake Wheeler.
14:26 of 3rd period - Shot Blocked by Drew Doughty.
14:26 of 3rd period - Puck is out of play.
14:27 of 3rd period - Jason Spezza wins face-off versus Anze Kopitar in Sharks zone.
14:55 of 3rd period - Minor Penalty to Oskar Osala for Interference.
14:56 of 3rd period - Nathan MacKinnon wins face-off versus Jason Spezza in Sharks zone.
15:13 of 3rd period - Backhand shot by Dougie Hamilton.
15:13 of 3rd period - Shot Blocked by Jason Spezza.
15:29 of 3rd period - Slapshot by Dougie Hamilton.
15:29 of 3rd period - Stopped by Ryan Miller with a rebound.
15:31 of 3rd period - Snap shot by Dougie Hamilton.
15:31 of 3rd period - Shot Misses the Net.
15:50 of 3rd period - Icing by Colton Parayko.
15:51 of 3rd period - Jason Spezza wins face-off versus Nathan MacKinnon in Kings zone.
16:55 of 3rd period - Penalty to Oskar Osala is over, Oskar Osala is back on ice.
17:01 of 3rd period - Chris Higgins is hit by Milan Michalek and loses puck.
17:39 of 3rd period - Off-side.
17:40 of 3rd period - Anze Kopitar wins face-off versus Luke Adam in neutral zone.
17:57 of 3rd period - Wrist shot by Bobby Butler.
17:57 of 3rd period - Shot Misses the Net.
18:15 of 3rd period - Wrist shot by Nick Palmieri.
18:15 of 3rd period - Stopped by Tuukka Rask without a rebound.
18:16 of 3rd period - Logan Couture wins face-off versus Jason Spezza in Kings zone.
18:16 of 3rd period - Logan Couture is hit by Jason Spezza.
18:57 of 3rd period - Minor Penalty to Jason Spezza for Hooking.
18:58 of 3rd period - Blake Wheeler wins face-off versus Zach Boychuk in Sharks zone.
18:59 of 3rd period - Kings, Tuukka Rask is pulled from the net.
19:01 of 3rd period - Slapshot by Blake Wheeler.
19:01 of 3rd period - Shot Misses the Net.
19:03 of 3rd period - Snap shot by Nathan MacKinnon.
19:03 of 3rd period - Deflect By Jimmy Vesey.
19:03 of 3rd period - Shot Misses the Net.
19:03 of 3rd period - Puck is out of play.
19:04 of 3rd period - Ken Hitchcock call a timeout for Kings.
19:04 of 3rd period - Nathan MacKinnon wins face-off versus Zach Boychuk in Sharks zone.
19:05 of 3rd period - Snap shot by Jimmy Vesey.
19:05 of 3rd period - Stopped by Ryan Miller without a rebound.
19:06 of 3rd period - Zach Boychuk wins face-off versus Nathan MacKinnon in Sharks zone.
19:17 of 3rd period - Slapshot by Dougie Hamilton.
19:17 of 3rd period - Shot Misses the Net.
19:19 of 3rd period - Snap shot by Nathan MacKinnon.
19:19 of 3rd period - Goal by Nathan MacKinnon - Sharks : 3 - Kings : 3.
19:19 of 3rd period - Tuukka Rask from Kings was sent back in the game.
19:20 of 3rd period - Logan Couture wins face-off versus Luke Adam in neutral zone.
19:44 of 3rd period - Icing by Victor Hedman.
19:45 of 3rd period - Boone Jenner wins face-off versus Logan Couture in Kings zone.
19:50 of 3rd period - Wrist shot by Brandon Dubinsky.
19:50 of 3rd period - Shot Misses the Net.
Goals for this period are 1 for Sharks vs 3 for Kings.
Shots for this period are 7 for Sharks vs 10 for Kings.
Overtime #1
0:01 of 1st overtime period - Jason Spezza wins face-off versus Nathan MacKinnon in neutral zone.
0:04 of 1st overtime period - Snap shot by Drew Doughty.
0:04 of 1st overtime period - Stopped by Tuukka Rask without a rebound.
0:05 of 1st overtime period - Jason Spezza wins face-off versus Anze Kopitar in Kings zone.
0:46 of 1st overtime period - Backhand shot by Gabriel Landeskog.
0:46 of 1st overtime period - Stopped by Ryan Miller without a rebound.
0:47 of 1st overtime period - Gabriel Landeskog wins face-off versus Mike Cammalleri in Sharks zone.
0:48 of 1st overtime period - Slapshot by David Pastrnak.
0:48 of 1st overtime period - Shot Misses the Net.
2:11 of 1st overtime period - Slapshot by Travis Hamonic.
2:11 of 1st overtime period - Deflect By Logan Couture.
2:11 of 1st overtime period - Shot Misses the Net.
2:11 of 1st overtime period - Puck is out of play.
2:12 of 1st overtime period - Jason Spezza wins face-off versus Nathan MacKinnon in Sharks zone.
2:47 of 1st overtime period - Slapshot by Tyler Cuma.
2:47 of 1st overtime period - Stopped by Tuukka Rask with a rebound.
3:19 of 1st overtime period - Travis Hamonic is hit by Bobby Butler and loses puck.
3:51 of 1st overtime period - Off-side.
3:52 of 1st overtime period - Sergey Kalinin wins face-off versus Jason Spezza in neutral zone.
3:55 of 1st overtime period - Slapshot by Dougie Hamilton.
3:55 of 1st overtime period - Shot Blocked by Jason Spezza.
4:25 of 1st overtime period - Snap shot by Gabriel Landeskog.
4:25 of 1st overtime period - Deflect By David Pastrnak.
4:25 of 1st overtime period - Stopped by Ryan Miller without a rebound.
4:26 of 1st overtime period - Brandon Dubinsky wins face-off versus Gabriel Landeskog in Sharks zone.
4:35 of 1st overtime period - Slapshot by Drew Doughty.
4:35 of 1st overtime period - Deflect By Brandon Dubinsky.
4:35 of 1st overtime period - Shot Misses the Net.
4:35 of 1st overtime period - Puck is out of play.
4:36 of 1st overtime period - Nathan MacKinnon wins face-off versus Mike Cammalleri in Kings zone.
4:51 of 1st overtime period - Snap shot by Anze Kopitar.
4:51 of 1st overtime period - Stopped by Ryan Miller with a rebound.
4:59 of 1st overtime period - Slapshot by Brandon Dubinsky.
4:59 of 1st overtime period - Goal by Brandon Dubinsky - Sharks : 4 - Kings : 3.
Goals for this period are 1 for Sharks vs 0 for Kings.
Shots for this period are 3 for Sharks vs 3 for Kings.